 Dungeon Crawl Stone Soup version 0.30-a0-40-gc6d0f036a7 (webtiles) character file.

Game seed: 17084133577301750162

524817 jlumianski the Warmonger (level 24, -7/199 HPs)
             Began as a Demonspawn Gladiator on Aug 26, 2022.
             Was a High Priest of Okawaru.
             Killed from afar by a fire giant (15 damage)
             ... with a fireball
             ... in the Arena on Aug 30, 2022.
             The game lasted 06:42:49 (59305 turns).

jlumianski the Warmonger (Demonspawn Gladiator)    Turns: 59305, Time: 06:42:52

Health: -7/199     AC: 36    Str: 31    XL:     24   Next: 23%
Magic:  32/39      EV: 14    Int: 10    God:    Okawaru [*****.]
Gold:   4167       SH: 11    Dex: 28    Spells: 23/23 levels left

rFire   . . .      SeeInvis +    B - +5 eveningstar of Qoemad {vamp, *Slow rPois Str+5 Dex+4}
rCold   . . .      Faith    .    l - +2 buckler "Ylligame" {rPois Regen+}
rNeg    . . .      Spirit   .    i - +9 plate armour of Okawaru's Hope {Will+ SInv Stlth+}
rPois   +          Reflect  .    R - +0 helmet of the Alphagorgon {rElec}
rElec   +          Harm     .    (cloak unavailable)
rCorr   .          Rampage  .    G - +3 pair of gauntlets of War {Slay+5}
Will    ++++.      Rage     50%  t - +2 pair of boots {Fly}
Stlth   +++++++...               b - necklace of Bloodlust {*Rage Will++ Int-3 Slay+6}
HPRegen 1.23/turn                Q - +6 ring of strength
MPRegen 0.26/turn                H - +4 ring of slaying

@: on berserk cooldown, flying, slowed, studying 2 skills, duelling, very slow
A: thin skeletal structure 3, ignite blood 2, spiny 3, black mark, bedeviling,
weakness stinger 3
}: 3/15 runes: decaying, serpentine, silver
a: Renounce Religion, Heroism, Finesse, Duel


You were in the Arena.
You worshipped Okawaru.
Okawaru was extremely pleased with you.
You visited 9 branches of the dungeon, and saw 42 of its levels.
You visited 1 bazaar.
You also visited: Sewer and Bailey.

You collected 8092 gold pieces.
You spent 3925 gold pieces at shops.

Inventory:

Hand Weapons
 B - the +5 eveningstar of Qoemad (weapon) {vamp, *Slow rPois Str+5 Dex+4}
   (You acquired it on level 12 of the Dungeon)

   It occasionally heals its wielder for a portion of the damage dealt when it
   wounds a living foe.
   Str:       It affects your strength (+5).
   Dex:       It affects your dexterity (+4).
   rPois:     It protects you from poison.
   *Slow:     It may slow you when you take damage.
 J - the +5 broad axe of Fucid Fek {vorpal, rF+++ rCorr Str+2 Stlth-}
   (Okawaru gifted it to you on level 3 of the Lair of Beasts)

   It inflicts extra damage upon your enemies.
   Str:       It affects your strength (+2).
   rF:        It renders you almost immune to fire.
   rCorr:     It protects you from acid and corrosion.
   Stlth:     It makes you less stealthy.
 P - the +1 dagger of a bazaar {freeze, rN+++ Str-5 SInv}
   (You took it off a deep elf annihilator on level 3 of the Elven Halls)

   It freezes those it strikes, dealing additional cold damage.
   It can also slow down cold-blooded creatures.
   Str:       It affects your strength (-5).
   rN:        It renders you almost immune to negative energy.
   SInv:      It lets you see invisible.
 V - the +6 dagger of Koci {speed, rF+ rC+++ Str-5 Dex-3 SInv}
   (Okawaru gifted it to you on level 10 of the Dungeon)

   Attacks with this weapon are significantly faster.
   Str:       It affects your strength (-5).
   Dex:       It affects your dexterity (-3).
   rF:        It protects you from fire.
   rC:        It renders you almost immune to cold.
   SInv:      It lets you see invisible.
Missiles
 a - 40 boomerangs (quivered)
 d - 4 throwing nets
 I - 9 boomerangs of dispersal
 T - 15 atropa-tipped darts
Armour
 i - the +9 plate armour of Okawaru's Hope (worn) {Will+ SInv Stlth+}
   (Okawaru gifted it to you on level 13 of the Dungeon)

   SInv:      It lets you see invisible.
   Will:      It increases your willpower.
   Stlth:     It makes you more stealthy.
 l - the +2 buckler "Ylligame" (worn) {rPois Regen+}
   (You acquired it on level 12 of the Dungeon)

   rPois:     It protects you from poison.
   Regen:     It increases your rate of health regeneration.
 n - +8 gold dragon scales
 t - a +2 pair of boots of flying (worn)
 G - the +3 pair of gauntlets of War (worn) {Slay+5}
   (Okawaru gifted it to you on level 2 of the Vaults)

   Slay:      It affects your accuracy & damage with ranged weapons and melee
   (+5).
 R - the +0 helmet of the Alphagorgon (worn) {rElec}
   (You found it on level 3 of the Snake Pit)

   rElec:     It insulates you from electricity.
Jewellery
 b - the necklace of Bloodlust (around neck) {*Rage Will++ Int-3 Slay+6}
   (You bought it in a shop on level 3 of the Vaults)

   [amulet of nothing]

   It extends the wearer's berserk rage when killing foes.
   Int:       It affects your intelligence (-3).
   Slay:      It affects your accuracy & damage with ranged weapons and melee
   (+6).
   *Rage:     It berserks you when you make melee attacks (+50% chance).
   Will:      It greatly increases your willpower.
 c - an amulet of regeneration
 s - a ring of protection from fire
 H - a +4 ring of slaying (right hand)
 L - a ring of resist corrosion
 Q - a +6 ring of strength (left hand)
Wands
 q - a wand of digging (14)
 C - a wand of paralysis (38)
 N - a wand of quicksilver (24)
 X - a wand of iceblast (58)
Scrolls
 h - 4 scrolls of magic mapping
 k - 21 scrolls of teleportation
 o - 12 scrolls of blinking
 p - 8 scrolls of fog
 w - 6 scrolls of fear
 S - 5 scrolls of silence
 Z - 9 scrolls of poison
Potions
 f - 25 potions of curing
 g - 3 potions of resistance
 j - 8 potions of might
 m - a potion of magic
 r - 7 potions of cancellation
 u - 3 potions of invisibility
 x - 8 potions of heal wounds
 E - 5 potions of haste
Miscellaneous
 e - a tin of tremorstones (1/2)
 v - a lightning rod (4/4)
 U - a condenser vane


   Skills:
 + Level 18.4 Fighting
 - Level 5.5 Short Blades
 - Level 8.0(12.6) Axes
 - Level 15.2(16.0) Maces & Flails
 + Level 3.4 Throwing
 + Level 16.0 Armour
 + Level 6.4 Dodging
 * Level 17.3 Stealth
 + Level 13.8 Shields
 * Level 24.5 Invocations
 * Level 20.1 Evocations


You had 23 spell levels left.
You didn't know any spells.
Your spell library contained the following spells:

 Spells                   Type           Power      Damage    Failure   Level
 Apportation              Tloc           0%         N/A       91%         1
 Beastly Appendage        Tmut           0%         N/A       91%         1
 Foxfire                  Conj/Fire      0%         2x1d4     91%         1
 Freeze                   Ice            0%         1d3       91%         1
 Magic Dart               Conj           0%         1d3       91%         1
 Necrotise                Necr           0%         1d4       91%         1
 Sandblast                Erth           0%         2d4       91%         1
 Slow                     Hex            0%         N/A       91%         1
 Sting                    Tmut/Pois      0%         1d3       91%         1
 Blink                    Tloc           0%         N/A       97%         2
 Ensorcelled Hibernation  Hex/Ice        0%         N/A       97%         2
 Passwall                 Tmut/Erth      0%         N/A       97%         2
 Poisonous Vapours        Pois/Air       0%         N/A       97%         2
 Scorch                   Fire           0%         2d5       97%         2
 Searing Ray              Conj           0%         2d4       97%         2
 Static Discharge         Conj/Air       0%         3-3/arc   97%         2
 Sublimation of Blood     Necr           0%         N/A       97%         2
 Wereblood                Tmut           0%         N/A       97%         2
 Confusing Touch          Hex            0%         N/A       100%        3
 Conjure Flame            Conj/Fire      0%         6-21      100%        3
 Frozen Ramparts          Ice            0%         1d1       100%        3
 Gell's Gravitas          Tloc           0%         N/A       100%        3
 Inner Flame              Hex/Fire       0%         N/A       100%        3
 Mephitic Cloud           Conj/Pois/Air  0%         N/A       100%        3
 Ozocubu's Armour         Ice            0%         N/A       100%        3
 Spider Form              Tmut/Pois      0%         N/A       100%        3
 Stone Arrow              Conj/Erth      0%         3d7       100%        3
 Teleport Other           Tloc           0%         N/A       100%        3
 Vampiric Draining        Necr           0%         2d6       100%        3
 Airstrike                Air            0%         2d(0-16)  100%        4
 Corpse Rot               Necr/Pois/Air  0%         N/A       100%        4
 Dispel Undead            Necr           0%         3d6       100%        4
 Flame Wave               Conj/Fire      0%         2d4       100%        4
 Fulminant Prism          Conj/Hex       0%         3d6       100%        4
 Hailstorm                Conj/Ice       0%         3d3       100%        4
 Ice Form                 Ice/Tmut       0%         N/A       100%        4
 Iskenderun's Mystic Bla  Conj/Tloc      0%         2d3       100%        4
 Leda's Liquefaction      Hex/Erth       0%         N/A       100%        4
 Olgreb's Toxic Radiance  Pois           0%         N/A       100%        4
 Passage of Golubria      Tloc           0%         N/A       100%        4
 Sticky Flame             Conj/Fire      0%         2d3       100%        4
 Agony                    Necr           0%         N/A       100%        5
 Borgnjor's Vile Clutch   Necr/Erth      0%         N/A       100%        5
 Freezing Cloud           Conj/Ice/Air   0%         6-21      100%        5
 Lee's Rapid Deconstruct  Erth           0%         3d5*      100%        5
 Lightning Bolt           Conj/Air       0%         1d11      100%        5
 Yara's Violent Unravell  Hex/Tmut       0%         3d3       100%        5
 Dispersal                Tloc           0%         N/A       100%        6
 Statue Form              Tmut/Erth      0%         N/A       100%        6
 Ozocubu's Refrigeration  Ice            0%         4d7       100%        7
 Storm Form               Tmut/Air       0%         N/A       100%        7
 Disjunction              Tloc           0%         N/A       100%        8
 Maxwell's Capacitive Co  Air            0%         ∞         100%        8
 Polar Vortex             Ice            0%         N/A       100%        9
 Summon Small Mammal      Summ           Unusable   N/A       N/A         1
 Call Imp                 Summ           Unusable   N/A       N/A         2
 Tukima's Dance           Hex            Unusable   N/A       N/A         3
 Animate Dead             Necr           Unusable   N/A       N/A         4
 Summon Lightning Spire   Summ/Air       Unusable   N/A       N/A         4
 Summon Forest            Summ/Tloc      Unusable   N/A       N/A         5
 Death Channel            Necr           Unusable   N/A       N/A         6
 Simulacrum               Ice/Necr       Unusable   N/A       N/A         6
 Summon Cactus Giant      Summ           Unusable   N/A       N/A         6
 Summon Hydra             Summ           Unusable   N/A       N/A         7

Dungeon Overview and Level Annotations

Branches:
Dungeon (15/15)            Temple (1/1) D:4            Lair (5/5) D:9
  Swamp (4/4) Lair:2        Snake (4/4) Lair:2        Slime (0/5) Lair:5
    Orc (2/2) D:12            Elf (3/3) Orc:2        Vaults (5/5) D:13
  Crypt (0/3) Vaults:2     Depths (3/4) D:15          Sewer (visited)
 Bailey (visited)

Altars:
Ashenzari
Cheibriados
Dithmenos
Fedhas
Gozag
Hepliaklqana
Kikubaaqudgha
Makhleb
Nemelex Xobeh
Okawaru
Qazlal
Ru
Sif Muna
Trog
Uskayaw
Vehumet
Wu Jian
Xom
Yredelemnul
Jiyva

Shops:
D:6 :   D:9 *   D:11 *   D:14 =   Orc:2 [([[*   Elf:3 :=::   Snake:1 (
Snake:3 *   Vaults:3 *   Vaults:4 ::[

Portals:
Hell: Depths:1 Depths:2
Abyss: Depths:1 Depths:2
Pandemonium: Depths:2
Ziggurat: Depths:1
Trove: D:13 (give +5 ice dragon scales)

Annotations:
Lair:5 1 runed translucent door
Depths:2 1 runed translucent door


Innate Abilities, Weirdness & Mutations

You have an unnaturally thin skeletal structure. (Dex +6, Stealth+++)
Your demonic aura often causes spilled blood to erupt in flames.
You are completely covered in sharp spines.
Your melee attacks may debilitate your foes.
Your hexes are more powerful.
You have a sharp stinger which inflicts weakening toxins.


Message History

* * * LOW HITPOINT WARNING * * *
The iron dragon claws you!
* * * LOW HITPOINT WARNING * * *
You block the iron dragon's attack.
The golden dragon attacks as you move away!
The golden dragon barely misses you. You block the golden dragon's attack.
The golden dragon completely misses you.
The iron dragon breathes metal splinters at you.
The spray of metal splinters hits you!!
* * * LOW HITPOINT WARNING * * *
You hear a grinding noise.
The golden dragon is engulfed in blazing flames.
The golden dragon barely misses you.
The golden dragon claws you but does no damage.
The golden dragon closely misses you. The living spell casts itself at you.
The crystal spear hits you!!
* * * LOW HITPOINT WARNING * * *
The walking crystal tome is engulfed in blazing flames.
The walking crystal tome erupts in a flurry of living spells!
You hear a deafening roar!
You hear a shout!
An ettin and a deep troll earth mage come into view.
Blink to where?
Press: ? - help, Dir - move target A fire giant comes into view.
It is wielding a +1 great sword of flaming.
As you read the scroll of blinking, it crumbles to dust.
The ettin moves out of view.
The deep troll earth mage moves out of view.
Aiming: Duel (0% risk of failure)
Press: ? - help, Dir - move target, f - fire giant
Aim: a fire giant, wielding a +1 great sword of flaming (wandering, hasn't noticed you)
You enter into single combat with the fire giant!
The fire giant shouts!
The world spins around you as you enter the gateway.
You enter Okawaru's Arena!
The spectator shouts!
The fire giant points at you and mumbles some strange words.
The fireball explodes!
The fireball engulfs you!
You die...
Okawaru crowns the fire giant victorious!

###########
#.p.▓∩▓.p.# ##
▓▓▓▓▓▓▓▓▓ ##
#.▓ ....... ▓.#
#p▓.#.....#.▓p#
#.▓.........▓.#
#▓▓.........▓▓#
#p▓....@....▓p#
#▓▓...C.....▓▓#
#.▓.........▓.#
#p▓.#.....#.▓p#
#.▓ ....... ▓.#
## ▓▓▓▓▓▓▓▓▓ ##
#.p.▓p▓.p.#
###########


You could see a fire giant.

Vanquished Creatures
  An ancient lich (Vaults:4)
  Mara (Elf:3)
  A juggernaut (Depths:2)
  Parghit (Depths:3)
  Xtahua (Vaults:3)
  A caustic shrike (Depths:1)
  Nikola (Depths:2)
  A golden dragon (Vaults:5)
  Jory (Vaults:4)
  7 tentacled monstrosities
  9 liches
  A deep elf blademaster (Elf:3)
  A walking earthen tome (Depths:2)
  Asterion (Elf:1)
  4 titans
  2 deep elf master archers (Elf:3)
  4 quicksilver dragons
  3 walking frostbound tomes (Depths:2)
  12 sphinxes
  12 tengu reavers
  2 thorn hunters
  5 storm dragons
  Donald (Vaults:1)
  A rockslime (shapeshifter) (Depths:2)
  9 shadow dragons
  9 frost giants
  3 nagarajas
  8 fire giants
  15 vault wardens
  2 iron dragons
  8 deep elf sorcerers
  5 deep elf elementalists (Elf:3)
  26 ironbound preservers
  The ghost of Nism the Fighter, a journeyman DsHu of Hepliaklqana (Swamp:3)
  An orc warlord (Orc:2)
  4 ghouls
  2 war gargoyles
  20 very ugly things
  2 spriggan defenders (Depths:2)
  9 ironbound thunderhulks
  27 stone giants
  6 vampire knights (Depths:2)
  3 deep elf demonologists
  4 eleionomae
  13 deep elf annihilators
  2 entropy weavers
  A minotaur (shapeshifter) (Vaults:1)
  4 dire elephants (Vaults:2)
  A bunyip (shapeshifter) (Depths:2)
  Snorg (D:12)
  5 deep elf death magi
  3 bunyips
  12 ettins
  6 spark wasps
  20 yaktaur captains
  5 deep elf high priests
  8 ice dragons
  4 salamander tyrants
  10 fire dragons
  28 hydras
  2 shambling mangroves
  8 great orbs of eyes
  42 vault guards
  4 boulder beetles
  A hydra (shapeshifter) (Elf:2)
  5 rakshasas
  A ghost crab (Lair:2)
  Erolcha (Orc:1)
  A peacekeeper (Vaults:3)
  11 ironbound frosthearts
  3 spriggan air magi
  3 catoblepae
  A two-headed ogre (shapeshifter) (Vaults:3)
  An alligator (Swamp:2)
  15 anacondas
  2 ogre magi (Vaults:4)
  2 death knights
  11 centaur warriors
  29 dancing weapons
  8 two-headed ogres
  20 naga warriors
  4 deep troll shamans
  6 death yaks (Lair:3)
  3 vampire magi
  10 shock serpents
  14 spriggan berserkers
  9 deep troll earth magi
  5 tengu warriors
  A hell knight (Depths:1)
  9 naga sharpshooters
  Urug (D:10)
  6 orc high priests (Orc:2)
  21 deep elf knights
  2 iron trolls (Depths:1)
  4 salamander mystics
  5 goliath frogs
  4 skeletal warriors (D:13)
  61 deep trolls
  8 swamp dragons
  Lodul (D:12)
  A spriggan druid (Swamp:4)
  3 glowing orange brains
  9 bog bodies
  5 deep elf archers
  An orange crystal statue (D:15)
  3 flayed ghosts
  7 phantasmal warriors
  2 orc knights
  15 ironbound convokers
  29 deep elf zephyrmancers
  10 wizards
  8 naga ritualists
  6 lindwurms
  5 necromancers
  9 orc sorcerers
  Pikel (D:8)
  A frost giant zombie (Vaults:5)
  24 deep elf pyromancers
  18 mana vipers
  6 will-o-the-wisps
  44 ugly things
  5 cyclopes
  A stone giant zombie (Vaults:3)
  A centaur zombie (D:15)
  7 manticores
  32 salamanders
  Joseph (D:7)
  19 naga magi
  38 black mambas
  8 cane toads
  Maurice (D:12)
  17 vault sentinels
  5 gargoyles
  2 centaur skeletons (D:15)
  A yaktaur zombie (Vaults:3)
  14 guardian serpents
  6 torpor snails
  Psyche (D:12)
  2 unseen horrors
  4 rime drakes
  29 yaktaurs
  2 freezing wraiths
  A guardian mummy (D:13)
  7 komodo dragons
  A polar bear (shapeshifter) (Vaults:5)
  4 tengu conjurers
  2 human zombies
  A yaktaur skeleton (Vaults:3)
  A queen bee (Lair:3)
  16 slime creatures
  A tyrant leech (shapeshifter) (Depths:2)
  11 polar bears
  7 trolls
  Prince Ribbit (D:8)
  12 tyrant leeches
  A wind drake (shapeshifter) (D:11)
  16 hornets
  A stone giant simulacrum (Vaults:3)
  9 blink frogs
  2 raiju (Lair:5)
  A meliai zombie (D:15)
  13 dream sheep
  A culicivora (shapeshifter) (D:14)
  3 spriggans
  3 shadows
  A deep troll skeleton (Vaults:3)
  4 air elementals
  An elf zombie (Vaults:3)
  65 yaks
  A flying skull (Vaults:2)
  A water elemental (D:13)
  5 wyverns
  10 basilisks
  7 wraiths
  Grum (D:11)
  5 fire elementals
  3 redbacks (Vaults:4)
  19 vampire mosquitoes
  A steam dragon (D:7)
  11 wargs
  A naga (shapeshifter) (Depths:1)
  51 nagas
  11 swamp worms
  An acid dragon (D:8)
  A floating eye (Depths:2)
  15 hell hounds (Lair:5)
  30 orc warriors
  11 water moccasins
  2 ice beasts
  14 black bears
  8 boggarts
  11 swamp drakes
  A boggart (shapeshifter) (Vaults:3)
  15 ogres
  47 wolves
  2 human skeletons
  7 centaurs
  8 bullfrogs
  6 kobold brigands
  3 necrophages (Swamp:1)
  3 earth elementals
  4 scorpions
  13 wights
  32 killer bees
  3 electric eels
  8 hounds
  6 jellies
  36 orc priests
  2 iguanas
  Ijyb (D:5)
  Terence (D:3)
  A boggart zombie (D:15)
  34 orc wizards
  5 gnolls
  17 adders
  6 river rats
  An ufetubus (D:5)
  3 worms
  2 dart slugs (D:1)
  73 orcs
  7 endoplasms
  4 giant cockroaches
  20 goblins
  8 hobgoblins
  A jackal (Sewer)
  10 quokkas
  11 ball pythons
  10 bats
  9 frilled lizards
  46 kobolds
  8 rats
1989 creatures vanquished.

Vanquished Creatures (others)
  A deep elf death mage (Vaults:5)
  A naga sharpshooter (Snake:4)
  A deep elf knight (Elf:3)
  A goliath frog (Swamp:1)
  2 wizards
  A guardian serpent (Snake:4)
  A bloated husk (Swamp:2)
  A necrophage (Swamp:2)
  An orc wizard (D:13)
  22 foxfires
  8 fungi
  61 plants
  3 toadstools (Swamp:3)
104 creatures vanquished.

Grand Total: 2093 creatures vanquished

Notes
Turn   | Place    | Note
-------+----------+-------------------------------------------
     0 | D:1      | jlumianski the Demonspawn Gladiator began the quest for the
                  | Orb.
     0 | D:1      | Reached XP level 1. HP: 16/16 MP: 1/1
   149 | D:1      | Noticed a floating eye
   153 | D:1      | Found a faded altar of an unknown god.
   155 | D:1      | Noticed a shining eye
   156 | D:1      | Noticed a shining eye
   156 | D:1      | Noticed a great orb of eyes
   214 | D:1      | Gained mutation: You have a small tail. [demonic ancestry]
   214 | D:1      | Reached XP level 2. HP: 12/22 MP: 2/2
  1213 | D:2      | Reached XP level 3. HP: 18/27 MP: 3/3
  1289 | D:2      | Found a shadowy altar of Dithmenos.
  2447 | D:3      | Reached skill level 1 in Armour
  2463 | D:3      | Reached XP level 4. HP: 29/33 MP: 4/4
  2824 | D:3      | Noticed Terence
  2836 | D:3      | Killed Terence
  3400 | D:3      | Gained mutation: You are partially covered in sharp spines.
                  | [demonic ancestry]
  3400 | D:3      | Reached XP level 5. HP: 28/38 MP: 5/5
  4237 | D:4      | Reached skill level 5 in Axes
  4427 | D:5      | Entered Level 5 of the Dungeon
  4524 | D:4      | Found a staircase to the Ecumenical Temple.
  4599 | Temple   | Entered the Ecumenical Temple
  4905 | D:4      | Reached XP level 6. HP: 43/46 MP: 6/6
  5151 | D:5      | Noticed an ice beast
  5164 | D:4      | Killed an ice beast
  5424 | D:5      | Found a sacrificial altar of Ru.
  5436 | D:5      | Reached XP level 7. HP: 45/51 MP: 7/7
  5569 | D:5      | Found an opulent altar of Gozag.
  5582 | D:5      | Noticed a wyvern
  5593 | D:5      | Killed a wyvern
  5996 | D:6      | Found a glowing drain.
  6000 | Sewer    | Entered a sewer
  6206 | Sewer    | Gained mutation: Your demonic aura sometimes causes spilled
                  | blood to erupt in flames. [demonic ancestry]
  6206 | Sewer    | Reached XP level 8. HP: 50/60 MP: 8/8
  6308 | Sewer    | Reached skill level 1 in Stealth
  6918 | D:6      | Found an iron altar of Okawaru.
  6930 | D:6      | Became a worshipper of Warmaster Okawaru
  7082 | D:6      | Found Jakhlel's Book Emporium.
  7701 | D:5      | Noticed Ijyb
  7706 | D:5      | Killed Ijyb
  7775 | D:5      | Reached * piety under Okawaru
  8060 | D:7      | Reached skill level 1 in Invocations
  8062 | D:7      | Identified a scroll of acquirement
  8062 | D:7      | Acquired a +3 quick blade
  8095 | D:7      | Reached skill level 1 in Evocations
  8125 | D:7      | Reached skill level 5 in Fighting
  8238 | D:7      | Noticed Joseph
  8244 | D:7      | Reached skill level 2 in Invocations
  8244 | D:7      | Gained mutation: You are mostly covered in sharp spines.
                  | [demonic ancestry]
  8244 | D:7      | Reached XP level 9. HP: 68/68 MP: 10/10
  8281 | D:7      | Killed Joseph
  8281 | D:7      | Reached ** piety under Okawaru
  8282 | D:7      | Reached skill level 1 in Short Blades
  8282 | D:7      | Reached skill level 5 in Armour
  8282 | D:7      | Reached skill level 3 in Invocations
  8938 | D:7      | Found a bloodstained altar of Trog.
  8947 | D:7      | Found a hazy altar of Hepliaklqana.
  9102 | D:7      | Found a blossoming altar of Fedhas.
  9179 | D:7      | Found an ancient bone altar of Kikubaaqudgha.
  9184 | D:7      | Found a stormy altar of Qazlal.
  9490 | D:8      | Reached skill level 4 in Invocations
  9524 | D:8      | Noticed Prince Ribbit
  9546 | D:8      | Killed Prince Ribbit
  9582 | D:8      | Reached *** piety under Okawaru
  9846 | D:8      | Noticed a deep elf pyromancer
  9877 | D:8      | Killed a deep elf pyromancer
  9878 | D:8      | Reached XP level 10. HP: 70/76 MP: 11/13
  9904 | D:8      | Noticed Pikel
  9931 | D:8      | Killed Pikel
 10119 | D:8      | Reached skill level 5 in Invocations
 10219 | D:8      | Reached skill level 5 in Short Blades
 10696 | D:8      | Reached **** piety under Okawaru
 10833 | D:9      | Noticed a red ugly thing
 10884 | D:8      | Killed a red ugly thing
 11183 | D:9      | Identified the +12 whip of the Usurping Big Fish {vorpal,
                  | rN++ Dex+4 Stlth+}
 11348 | D:9      | Reached ***** piety under Okawaru
 11349 | D:9      | Reached skill level 1 in Maces & Flails
 11349 | D:9      | Reached skill level 6 in Invocations
 11441 | D:9      | Found a staircase to the Lair.
 11547 | D:9      | Identified the +1 scale mail of Subjectivity {rElec rF+}
                  | (Okawaru gifted it to you on level 9 of the Dungeon)
 11547 | D:9      | Received a gift from Okawaru
 11728 | D:9      | Found Feon's Demolitions Depot.
 11970 | D:9      | Upgraded the game from 0.30-a0-23-ge60ba3568b to
                  | 0.30-a0-29-g142975f185
 11996 | D:10     | Entered Level 10 of the Dungeon
 12022 | D:10     | Found a flagged portal.
 12060 | Bailey   | Entered a bailey
 12390 | Bailey   | Gained mutation: You have a somewhat thin skeletal
                  | structure. (Dex +2, Stealth+) [demonic ancestry]
 12390 | Bailey   | Reached XP level 11. HP: 25/83 MP: 15/15
 12861 | D:10     | Noticed Urug
 14221 | D:11     | Found Xutobbiot's Mayhem Merchandise.
 14230 | D:11     | Bought a wand of iceblast (6) for 244 gold pieces
 14334 | D:10     | Noticed Grum
 14334 | D:10     | Found a burning altar of Makhleb.
 14352 | D:11     | Killed Grum
 14439 | D:11     | Reached skill level 5 in Evocations
 14461 | D:10     | Reached skill level 7 in Invocations
 15212 | D:10     | Killed Urug
 15213 | D:10     | Reached skill level 5 in Maces & Flails
 15606 | D:10     | Reached skill level 5 in Stealth
 15607 | D:10     | Identified the +6 dagger of Koci {speed, rF+ rC+++ Str-5
                  | Dex-3 SInv} (Okawaru gifted it to you on level 10 of the
                  | Dungeon)
 15607 | D:10     | Received a gift from Okawaru
 16258 | D:12     | Noticed a deep elf pyromancer
 16263 | D:12     | Killed a deep elf pyromancer
 16264 | D:12     | Reached XP level 12. HP: 74/91 MP: 17/17
 16346 | D:12     | Noticed Maurice
 16355 | D:12     | Killed Maurice
 16379 | D:12     | Noticed Psyche
 16386 | D:12     | Reached skill level 8 in Invocations
 16488 | D:12     | Killed Psyche
 16626 | Lair:1   | Entered Level 1 of the Lair of Beasts
 16830 | D:12     | Acquired the +2 buckler "Ylligame" {rPois Regen+}
 16972 | D:12     | Acquired 797 gold pieces
 17061 | D:12     | Found a staircase to the Orcish Mines.
 17070 | D:12     | Noticed Lodul
 17074 | D:12     | Reached ****** piety under Okawaru
 17314 | D:12     | Acquired the +5 eveningstar of Qoemad {vamp, *Slow rPois
                  | Str+5 Dex+4}
 17362 | D:12     | Killed Lodul
 17407 | D:12     | Received a gift from Okawaru
 17660 | D:13     | Noticed a centaur warrior
 17662 | D:13     | Noticed a catoblepas
 17681 | D:12     | Killed a catoblepas
 17850 | D:12     | Killed a centaur warrior
 17958 | D:13     | Noticed a four-headed hydra
 17965 | D:13     | Killed a four-headed hydra
 17986 | D:13     | Noticed a rakshasa
 17990 | D:13     | Received a gift from Okawaru
 18111 | D:13     | Found a gate to the Vaults.
 18111 | D:13     | Noticed a five-headed hydra
 18111 | D:13     | Noticed a vault guard
 18111 | D:13     | Noticed a vault guard
 18111 | D:13     | Noticed a vault guard
 18111 | D:13     | Noticed a vault guard
 18111 | D:13     | Noticed a boulder beetle
 18138 | D:13     | Reached skill level 9 in Invocations
 18260 | D:13     | Killed a vault guard
 18296 | D:13     | Killed a five-headed hydra
 18347 | D:13     | Noticed a boulder beetle
 18385 | D:13     | Killed a boulder beetle
 18400 | D:13     | Found a portal to a secret trove of treasure.
 18480 | D:13     | Killed a boulder beetle
 18480 | D:13     | Received a gift from Okawaru
 18595 | D:13     | Killed a vault guard
 18607 | D:13     | Identified the +6 scale mail of Paupt {rPois Int-4 Dex+2
                  | SInv} (Okawaru gifted it to you on level 13 of the Dungeon)
 18607 | D:13     | Received a gift from Okawaru
 18736 | D:13     | Gained mutation: You have a tail ending in a sharp stinger.
                  | [demonic ancestry]
 18736 | D:13     | Reached XP level 13. HP: 92/98 MP: 20/20
 18827 | D:13     | Reached skill level 1 in Shields
 18977 | D:13     | Noticed Snorg
 19030 | D:12     | Killed Snorg
 19936 | D:14     | Reached skill level 10 in Invocations
 19990 | D:14     | Found a transporter.
 19994 | D:14     | Found a transporter.
 19996 | D:14     | Found a transporter.
 20020 | D:14     | Found a transporter.
 20154 | D:14     | Found Xeuvoc's Jewellery Emporium.
 20283 | D:13     | Identified the +9 plate armour of Okawaru's Hope {Will+
                  | SInv Stlth+} (Okawaru gifted it to you on level 13 of the
                  | Dungeon)
 20283 | D:13     | Received a gift from Okawaru
 20542 | D:13     | Reached skill level 10 in Maces & Flails
 21047 | D:15     | Entered Level 15 of the Dungeon
 21223 | D:15     | Received a gift from Okawaru
 21224 | D:15     | Reached XP level 14. HP: 98/106 MP: 22/22
 21381 | D:15     | Found an ornate altar of the Wu Jian Council.
 21537 | D:15     | Reached skill level 11 in Invocations
 21567 | D:15     | Found a staircase to the Depths.
 22278 | Orc:1    | Entered Level 1 of the Orcish Mines
 22435 | Orc:1    | Noticed Erolcha
 22443 | Orc:1    | Killed Erolcha
 22858 | Orc:2    | Entered Level 2 of the Orcish Mines
 22858 | Orc:2    | Found Mukhly's General Store.
 22909 | Orc:2    | Bought a scroll of enchant weapon for 112 gold pieces
 23176 | Orc:2    | Found a staircase to the Elven Halls.
 23220 | Orc:1    | Found a bloodstained altar of Trog.
 23442 | Orc:2    | Paralysed by an orc sorcerer for 4 turns
 23523 | Orc:2    | Identified the +5 broad axe of Karma {drain, Fragile rN+
                  | SInv} (Okawaru gifted it to you on level 2 of the Orcish
                  | Mines)
 23523 | Orc:2    | Received a gift from Okawaru
 23669 | Orc:2    | Noticed an orc warlord
 23733 | Orc:2    | Found Sanack's Armour Boutique.
 23733 | Orc:2    | Found Ruxo Vuoc's Weapon Shop.
 23734 | Orc:2    | Found Waitsiw's Armour Shop.
 23738 | Orc:2    | Found Tar Hyesk's Antique Armour Boutique.
 23973 | Orc:2    | Killed an orc warlord
 24512 | Lair:1   | Received a gift from Okawaru
 24561 | Lair:1   | Reached skill level 12 in Invocations
 25690 | Lair:2   | Found a staircase to the Snake Pit.
 25706 | Lair:2   | Reached skill level 5 in Dodging
 25793 | Lair:2   | Received a gift from Okawaru
 25894 | Lair:2   | Gained mutation: Your demonic aura often causes spilled
                  | blood to erupt in flames. [demonic ancestry]
 25894 | Lair:2   | Reached XP level 15. HP: 55/113 MP: 24/24
 26011 | Lair:2   | Found a staircase to the Swamp.
 26701 | Lair:3   | Received a gift from Okawaru
 27284 | Lair:3   | Identified the +5 broad axe of Fucid Fek {vorpal, rF+++
                  | rCorr Str+2 Stlth-} (Okawaru gifted it to you on level 3 of
                  | the Lair of Beasts)
 27284 | Lair:3   | Received a gift from Okawaru
 27330 | Lair:3   | Identified the +1 ring mail of the Tanner {Contam Harm rC++
                  | Int+4}
 27743 | Lair:4   | Reached skill level 13 in Invocations
 28238 | Lair:5   | Entered Level 5 of the Lair of Beasts
 28255 | Lair:5   | Received a gift from Okawaru
 28403 | Lair:4   | Identified the +0 cloak "Ylix" {rF+ Will+} (Okawaru gifted
                  | it to you on level 4 of the Lair of Beasts)
 28403 | Lair:4   | Received a gift from Okawaru
 29041 | Lair:5   | Found a runed translucent door.
 29042 | Lair:5   | Found a viscous altar of Jiyva.
 29060 | Lair:5   | Found a staircase to the Slime Pits.
 29421 | Lair:5   | Reached skill level 10 in Evocations
 29469 | Lair:5   | Reached skill level 10 in Armour
 29498 | Lair:5   | Reached XP level 16. HP: 121/121 MP: 26/26
 29554 | Lair:5   | Identified the +9 war axe "Cisoc" {elec, Str+3}
 29675 | Lair:5   | Found a runed translucent door.
 29922 | Lair:5   | Received a gift from Okawaru
 30160 | Swamp:1  | Entered Level 1 of the Swamp
 31093 | Swamp:1  | Identified the +2 ring mail of Action {Harm rF+} (Okawaru
                  | gifted it to you on level 1 of the Swamp)
 31093 | Swamp:1  | Received a gift from Okawaru
 31118 | Swamp:1  | Reached skill level 5 in Shields
 31235 | Swamp:1  | Reached skill level 10 in Fighting
 31804 | Swamp:3  | Found a runed translucent door.
 31805 | Swamp:3  | Noticed a tentacled monstrosity
 31805 | Swamp:3  | Noticed Nism's ghost (journeyman DsHu)
 31830 | Swamp:3  | Killed a tentacled monstrosity
 31831 | Swamp:3  | Reached skill level 14 in Invocations
 31849 | Swamp:3  | Killed Nism's ghost
 31957 | Swamp:3  | Noticed a thorn hunter
 31971 | Swamp:3  | Killed a thorn hunter
 31972 | Swamp:3  | Reached skill level 10 in Stealth
 32076 | Swamp:3  | Identified the +3 leather armour "Egahefat" {Dex+3}
 32104 | Swamp:4  | Entered Level 4 of the Swamp
 32467 | Swamp:4  | Identified the +5 ring mail "Omoobik" {Will++ Dex+3}
                  | (Okawaru gifted it to you on level 4 of the Swamp)
 32467 | Swamp:4  | Received a gift from Okawaru
 32909 | Swamp:4  | Reached skill level 15 in Maces & Flails
 32983 | Swamp:4  | Gained mutation: You have a moderately thin skeletal
                  | structure. (Dex +4, Stealth++) [demonic ancestry]
 32983 | Swamp:4  | Reached XP level 17. HP: 128/129 MP: 24/27
 33090 | Swamp:4  | Got a decaying rune of Zot
 33441 | Snake:1  | Entered Level 1 of the Snake Pit
 33661 | Snake:1  | Received a gift from Okawaru
 33688 | Snake:1  | Identified the +1 ring mail of Meete {Str+2 Int+2} (Okawaru
                  | gifted it to you on level 1 of the Snake Pit)
 33688 | Snake:1  | Received a gift from Okawaru
 33833 | Snake:1  | Found Musamp's Weapon Shop.
 34084 | Snake:1  | Identified the ring "Aluesats" {rElec rPois rC+ Will-
                  | Str+4}
 34171 | Snake:1  | Found a transporter.
 34379 | Snake:1  | Reached skill level 15 in Invocations
 34445 | Snake:1  | Found a transporter.
 35092 | Snake:2  | Received a gift from Okawaru
 35252 | D:9      | Acquired a manual of Evocations
 35254 | D:9      | Acquired a manual of Invocations
 35256 | D:9      | Acquired a manual of Axes
 35759 | Snake:3  | Found Yneitit's Assorted Antiques.
 35769 | Snake:3  | Bought a tin of tremorstones (2/2) for 1080 gold pieces
 35769 | Snake:3  | Bought a runed helmet for 202 gold pieces
 35769 | Snake:3  | Bought a scroll of teleportation for 81 gold pieces
 36001 | Snake:3  | Received a gift from Okawaru
 36167 | Snake:3  | Identified the +0 helmet of the Alphagorgon {rElec}
 36290 | Snake:3  | Gained mutation: You are completely covered in sharp
                  | spines. [demonic ancestry]
 36290 | Snake:3  | Reached XP level 18. HP: 133/140 MP: 29/29
 36563 | Snake:4  | Entered Level 4 of the Snake Pit
 36596 | Snake:3  | Reached skill level 16 in Invocations
 36616 | Snake:3  | Received a gift from Okawaru
 36768 | Snake:4  | Identified the +2 robe of the Teacher {rF+ Stlth+} (Okawaru
                  | gifted it to you on level 4 of the Snake Pit)
 36768 | Snake:4  | Received a gift from Okawaru
 37034 | Snake:3  | Reached skill level 17 in Invocations
 37802 | Snake:4  | Got a serpentine rune of Zot
 38452 | Vaults:1 | Entered Level 1 of the Vaults
 38704 | Vaults:1 | You are sucked into a shaft and drop 1 floor!
 38722 | Vaults:2 | Received a gift from Okawaru
 38970 | Vaults:1 | Gained mutation: You have an unnaturally thin skeletal
                  | structure. (Dex +6, Stealth+++) [demonic ancestry]
 38970 | Vaults:1 | Reached XP level 19. HP: 149/149 MP: 31/31
 39086 | Vaults:1 | Reached skill level 18 in Invocations
 39089 | Vaults:1 | Identified the +4 war axe "Efunow" {drain, Int+2} (Okawaru
                  | gifted it to you on level 1 of the Vaults)
 39089 | Vaults:1 | Received a gift from Okawaru
 39121 | Vaults:1 | Identified the +6 chain mail of Submission {+Blink rC-
                  | Str+2}
 39142 | Vaults:1 | Noticed Donald
 39158 | Vaults:1 | Killed Donald
 39931 | Vaults:1 | Received a gift from Okawaru
 39931 | Vaults:1 | Found the +4 skin of Zhor {*Englaciate rC+++ SInv}
 40172 | Vaults:2 | Found a staircase to the Crypt.
 40431 | Vaults:2 | Reached skill level 19 in Invocations
 40653 | Vaults:2 | Received a gift from Okawaru
 40653 | Vaults:2 | Found the +3 pair of gauntlets of War {Slay+5}
 40965 | Vaults:2 | Identified the +1 pair of gloves "Disefreqi" {rN+}
 41129 | Vaults:2 | Reached skill level 10 in Shields
 41129 | Vaults:2 | Reached skill level 15 in Evocations
 41378 | Vaults:3 | Reached XP level 20. HP: 151/159 MP: 33/33
 41410 | Vaults:3 | Reached skill level 20 in Invocations
 41488 | Vaults:3 | Received a gift from Okawaru
 41508 | Vaults:3 | Noticed Xtahua
 41516 | Vaults:3 | Killed Xtahua
 41657 | Vaults:3 | Found Asodu's Assorted Antiques.
 41689 | Vaults:3 | Received a gift from Okawaru
 41739 | Vaults:3 | Identified the +1 animal skin of Grottiness {Fly rElec
                  | rCorr} (Okawaru gifted it to you on level 3 of the Vaults)
 41739 | Vaults:3 | Received a gift from Okawaru
 41993 | Vaults:3 | Bought a shiny kite shield for 262 gold pieces
 41993 | Vaults:3 | Bought the necklace of Bloodlust {*Rage Will++ Int-3
                  | Slay+6} for 1585 gold pieces
 41993 | Vaults:3 | Found the necklace of Bloodlust {*Rage Will++ Int-3 Slay+6}
 43092 | Vaults:4 | Reached skill level 15 in Fighting
 43138 | Vaults:4 | Reached skill level 21 in Invocations
 43219 | Vaults:4 | Found Loaly's Antique Armour Emporium.
 43251 | Vaults:4 | Bought an ichor-stained tower shield for 323 gold pieces
 43251 | Vaults:4 | Identified the +2 tower shield of Verdant Miracles {*Slow
                  | rElec rC+++ Str+4} (You bought it in a shop on level 4 of
                  | the Vaults)
 43324 | Vaults:4 | Found a gateway to a bazaar.
 43333 | Bazaar   | Entered a bazaar
 43354 | Bazaar   | Found Ocih's General Store.
 43364 | Bazaar   | Found Judoa's Antique Weapon Shoppe.
 43371 | Bazaar   | Bought a throwing net for 36 gold pieces
 43394 | Bazaar   | Found Hoczopoo's Book Emporium.
 43436 | Bazaar   | Found Ryhieliz's General Store.
 43585 | Vaults:4 | Found Uptelo's Book Emporium.
 43682 | Vaults:4 | Noticed Jory
 43694 | Vaults:4 | Killed Jory
 43737 | Vaults:4 | Found Setyq's Book Boutique.
 43869 | Vaults:4 | Received a gift from Okawaru
 44164 | Vaults:4 | Received a gift from Okawaru
 44422 | Vaults:5 | Entered Level 5 of the Vaults
 44962 | Vaults:4 | Gained mutation: You have a sharp stinger which inflicts
                  | weakening toxins. [demonic ancestry]
 44962 | Vaults:4 | Reached XP level 21. HP: 166/166 MP: 35/35
 45088 | Vaults:4 | Received a gift from Okawaru
 45552 | Vaults:4 | Reached skill level 22 in Invocations
 45841 | Vaults:5 | Received a gift from Okawaru
 46251 | Vaults:5 | Noticed an ancient lich
 46460 | Vaults:4 | Killed an ancient lich
 46890 | Vaults:5 | Received a gift from Okawaru
 47249 | Vaults:5 | Noticed a golden dragon
 47264 | Vaults:5 | Killed a golden dragon
 47264 | Vaults:5 | Identified the +5 ring mail "Binaug" {rC+ Dex+7} (Okawaru
                  | gifted it to you on level 5 of the Vaults)
 47264 | Vaults:5 | Received a gift from Okawaru
 47323 | Vaults:5 | Identified the +4 sling of the Hugging Gods {venom, rN+
                  | SInv}
 47351 | Vaults:5 | Identified the +10 battleaxe "Zusk" {vorpal, *Corrode rC+
                  | Dex+3 Stlth+}
 47690 | Vaults:5 | Reached XP level 22. HP: 176/176 MP: 37/37
 47772 | Vaults:5 | Upgraded the game from 0.30-a0-29-g142975f185 to
                  | 0.30-a0-39-g42789b21ef
 47834 | Vaults:5 | Identified the +2 glaive of Arrival {protect, Will+ Str+3}
 47940 | Vaults:5 | Identified the +1 shortbow of the Desolation of Salt
                  | {vorpal, rPois Int+6}
 47958 | Vaults:5 | Identified the +11 mace of Wealth {vamp, rF+}
 48505 | Vaults:5 | Identified the +2 mace of Cocytus {pain, Dex+5}
 48517 | Vaults:5 | Got a silver rune of Zot
 48602 | Vaults:5 | Identified the +4 battleaxe of Xesh {pain, Str+3 Int+4}
 49246 | Elf:1    | Entered Level 1 of the Elven Halls
 49676 | Elf:1    | Reached skill level 23 in Invocations
 49887 | Elf:1    | Noticed Asterion
 49895 | Elf:1    | Killed Asterion
 49896 | Elf:1    | Reached skill level 15 in Stealth
 49961 | Elf:1    | Identified the +8 war axe of Doom {spect, rF- Str+4 Stlth+}
 50409 | Elf:2    | Found a runed translucent gate.
 50409 | Elf:2    | Found a runed translucent gate.
 50409 | Elf:2    | Found a runed translucent gate.
 50490 | Elf:2    | Found an ancient bone altar of Kikubaaqudgha.
 50992 | Elf:2    | Identified the +10 hand axe "Letaq" {flame, rElec rCorr
                  | Str+3} (Okawaru gifted it to you on level 2 of the Elven
                  | Halls)
 50992 | Elf:2    | Received a gift from Okawaru
 51328 | Elf:3    | Entered Level 3 of the Elven Halls
 51397 | Elf:3    | Identified the +0 pair of gloves "Gioptopp" {Harm *Corrode
                  | rElec}
 51440 | Elf:3    | Found Sotirudgh's Book Shoppe.
 51441 | Elf:3    | Found Japhivee's Jewellery Shop.
 51442 | Elf:3    | Found Evoj Fui's Book Shoppe.
 51717 | Elf:3    | Found Zuarr's Book Boutique.
 52302 | Elf:3    | Received a gift from Okawaru
 52562 | Elf:3    | Received a gift from Okawaru
 52562 | Elf:3    | Identified the +11 mace "Ygroneent" {drain, rN+ Will- rCorr
                  | Dex+5}
 52562 | Elf:3    | Identified the ring of Seimnud {Ice rPois Will+}
 52592 | Elf:3    | Noticed Mara
 52962 | Elf:3    | Identified the +1 dagger of a bazaar {freeze, rN+++ Str-5
                  | SInv}
 53015 | Elf:3    | Identified the ring "Ekkoik" {Fly rC+ Will+}
 53086 | Elf:3    | Killed Mara
 53087 | Elf:3    | Reached skill level 15 in Armour
 53200 | Elf:3    | Identified the +7 flail "Lumojyt" {flame, rElec rC+ Dex+2}
 53230 | Elf:3    | Identified the +1 plate armour of Emunaxeo {rF++ Str+4}
 53260 | Elf:3    | Identified the +1 mace of Past Mistakes {freeze, Str+2}
 53271 | Elf:3    | Got the Lessons on Coordinates and Forms
 53286 | Elf:3    | Got the Writings on the Fetid Grave
 53304 | Elf:3    | Identified the +9 plate armour of Foolhardiness {Fly rF+
                  | Regen+}
 54458 | Depths:1 | Entered Level 1 of the Depths
 54518 | Depths:1 | Found a one-way gate to the infinite horrors of the Abyss.
 54682 | Depths:1 | Found a bloodstained altar of Trog.
 54690 | Depths:1 | Identified the ring of Ignis's Hope {Wiz rF+ Str+4}
 54979 | Depths:1 | Found a one-way gateway to a ziggurat.
 55062 | Depths:1 | Gained mutation: Your hexes are more powerful. [demonic
                  | ancestry]
 55062 | Depths:1 | Reached XP level 23. HP: 187/187 MP: 38/38
 55072 | Depths:1 | Noticed a caustic shrike
 55079 | Depths:1 | Killed a caustic shrike
 55079 | Depths:1 | Identified the +1 ring mail "Zuroumm" {+Blink Regen+ Str+6
                  | Int-5} (Okawaru gifted it to you on level 1 of the Depths)
 55079 | Depths:1 | Received a gift from Okawaru
 55133 | Depths:1 | Found a gateway to Hell.
 55634 | Depths:1 | Upgraded the game from 0.30-a0-39-g42789b21ef to
                  | 0.30-a0-40-gc6d0f036a7
 55741 | Depths:2 | Found a burning altar of Makhleb.
 55916 | Depths:2 | Found a one-way gate leading to the halls of Pandemonium.
 56099 | Depths:2 | Identified the +1 pair of gloves "Put-Me-On" {Str+8}
 56099 | Depths:2 | Noticed Nikola
 56143 | Depths:2 | Killed Nikola
 56788 | Depths:2 | Reached skill level 24 in Invocations
 56973 | Depths:2 | Received a gift from Okawaru
 56996 | Depths:2 | Noticed a juggernaut
 57001 | Depths:2 | Killed a juggernaut
 57021 | Depths:2 | Identified the +7 plate armour of the Hot Ocelot {*Corrode
                  | Str+5 Dex+3 Stlth+} (Okawaru gifted it to you on level 2 of
                  | the Depths)
 57021 | Depths:2 | Received a gift from Okawaru
 57723 | Depths:2 | Gained mutation: Your melee attacks may debilitate your
                  | foes. [demonic ancestry]
 57723 | Depths:2 | Reached XP level 24. HP: 187/187 MP: 39/39
 57747 | Depths:2 | Identified the +1 ring mail of Relativism {rC- Will+++
                  | Str+3}
 57748 | Depths:2 | Got Toxiuqil's Spellbook of Snow
 57852 | Depths:2 | Noticed a shard shrike
 57852 | Depths:2 | an iron giant changed into a shard shrike
 57853 | Depths:2 | a shard shrike changed into a rockslime
 57907 | Depths:2 | Got the Omnibus of Displaced Shapes
 57981 | Depths:2 | Identified the +1 pair of gloves "Satteppu" {rN+ Regen+
                  | rCorr Int-4}
 58104 | Depths:2 | Found a runed translucent door.
 58879 | Depths:2 | Received a gift from Okawaru
 59133 | Depths:3 | Noticed Parghit
 59158 | Depths:3 | Killed Parghit
 59303 | Depths:3 | HP: 4/199 [living spell/crystal spear[a walking crystal
                  | tome] (18)]
 59305 | Arena    | Entered the Arena
 59305 | Arena    | Killed from afar by a fire giant

Illustrated notes

Levels and vault maps discovered:
D:1:      elethiomel_arrival_quiet, layout_rooms,
          hellmonk_ecumenical_altar_watching_god, nrook_mini_backslash,
          ebering_dispersal_statue_hall
D:2:      wad_woods_stonehenge, layout_basic, minivault_27, minivault_25
D:3:      layout_basic, uniq_terence
D:4:      layout_loops_ring, nicolae_tso_swordbearing_angel,
          minmay_temple_entry_statues_pillars
D:5:      layout_loops_cross, nicolae_gozag_seed_capital, kennysheep_little_box,
          skrybe_limestone_x, uniq_ijyb
D:6:      layout_basic, kennysheep_mini_moat, gup_sewer_entry_bowl,
          amcnicky_mini_pool_small, kennysheep_windowed_goal
D:7:      layout_rooms, nicolae_overflow_hallway_of_the_gods, uniq_joseph
D:8:      layout_basic, uniq_prince_ribbit1, uniq_pikel
D:9:      layout_cave_pools, lair_entry_dummy, chequers_serial_rivers_micro_c,
          nicolae_blasting_shop
D:10:     layout_gridville, mainiacjoe_overflow_tiny_flanked,
          lightli_bailey_entry_fortress, uniq_grum, uniq_urug
D:11:     layout_long_grid, minmay_shop_mayhem, small_chamber_with_monster
D:12:     layout_loops_ring, orc_0_dummy, uniq_maurice, uniq_psyche, uniq_lodul
D:13:     wad_river_or_something, layout_basic,
          lightli_vaults_fourway_checkpoint, nicolae_trove_entry_path_of_doom,
          uniq_snorg
D:14:     layout_irregular_city, infiniplex_staircase_9_rooms, serial_shops,
          nicolae_shop_hallway_plus, chequers_serial_rivers_small_a,
          nicolae_transporter_circle
D:15:     grunt_enter_depths_magical_seal, layout_loops_cross,
          nicolae_wu_jian_wuxing_cycle, minivault_16
Temple:   bh_familiar_temple
Lair:1:   layout_layer_cave, infiniplex_staircase_pool_2, lemuel_fruit_tree,
          grunt_megastairs_4
Lair:2:   nzn_winding_woodlands_small [nzn_winding_woodlands_5x15_default,
          nzn_winding_woodlands_center_lodge,
          nzn_winding_woodlands_5x15_river_crossing], layout_cave_pods,
          swamp_mist_pool
Lair:3:   regret_index_wax_grids, layout_cave_shapes, grunt_megastairs_3
Lair:4:   layout_concentric_octagons, kilobyte_rumbling_trees
Lair:5:   wormcave, layout_hall_layers, hangedman_lair_caniforms_friends,
          slime_entry_2, chequers_serial_rivers_small_a, grunt_megastairs_2
Swamp:1:  layout_basic_swamp, evilmike_swamp_ruin_rubble_2,
          infiniplex_staircase_pool
Swamp:2:  layout_basic_swamp, hangedman_swamp_ruin_wall, swamp_pool4,
          hangedman_swamp_ravenous
Swamp:3:  cheibrodos_swamp_tower_of_moss, layout_basic_swamp,
          ebering_ghost_inner_flame, nicolae_swamp_well_well_well
Swamp:4:  swamp, layout_basic_swamp
Snake:1:  gammafunk_the_bubble [the_bubble_gammafunk_crates],
          layout_onion_interference, serial_shops, shop,
          nicolae_snake_salamander_fort
Snake:2:  layout_misc_corridors
Snake:3:  layout_misc_corridors, serial_shops, shop_fountains,
          nicolae_integral_box
Snake:4:  hellmonk_snake_rune_quicksilver_temple, layout_rooms,
          serial_bayou_shore_b
Orc:1:    layout_caves, basic_altar, mines5_lemuel, uniq_erolcha
Orc:2:    st_orc_mages, layout_caves, serial_shops, shop, elf_legates
Elf:1:    eino_elf_arrival_customs, layout_onion_city,
          hangedman_elven_crosses_minicolossus, uniq_asterion
Elf:2:    elven_hall_of_blades_hangedman_original
          [nicolae_blade_entry_antechamber], layout_onion_city, basic_altar
Elf:3:    minmay_elf_hall_four_x, layout_geoelf_castle, serial_shops,
          nicolae_shop_trees, st_stairs_3, minmay_shop_grove, uniq_mara
Vaults:1: hangedman_vaults_pinch, st_lattice, nicolae_vaults_circle_grid_b,
          vaults_room_fours, v_misc_13, v_misc_28, ontoclasm_vaults_eye,
          nicolae_vaults_sealed_display, nicolae_vaults_little_squares_6,
          v_pattern_4, nicolae_vaults_big_angled_halls,
          ontoclasm_vaults_loading_screen, vaults_room_pool,
          vaults_dpeg_emergency_exit, nicolae_vaults_asterisk,
          nicolae_vaults_asterisk, layout_vaults_ring, uniq_donald
Vaults:2: nicolae_vaults_diagonal_hallway_7, vaults_room_semicircle,
          vaults_room_door_ring, v_rooms_5, v_rooms_4, nicolae_vaults_murderbox,
          nicolae_vaults_big_angled_halls, vaults_room_door_ring, v_pattern_3,
          nicolae_vaults_ninety_degrees, nicolae_vaults_little_squares_4,
          v_misc_5, v_alt_pattern_5, minmay_crypt_entry_simple_corners,
          hangedman_vaults_stretched_pinwheel, grunt_vaults_bifocal,
          layout_vaults_maze
Vaults:3: hangedman_vaults_stagger, vaults_mumra_hex, hangedman_vaults_trim,
          vaults_room_grid, hangedman_vaults_stream,
          ontoclasm_vaults_loading_screen, v_misc_17,
          nicolae_vaults_diagonal_hallway_8, layout_vaults_omnibox,
          serial_shops, nicolae_shop_waterfront, uniq_xtahua
Vaults:4: v_alt_pattern_4, dpeg_vaults_hating_casters, vaults_room_octagon,
          nicolae_vaults_network_s, v_misc_10, vaults_room_fours,
          vaults_room_fours, nicolae_vaults_rhombus_5, layout_vaults_omnigrid,
          serial_shops, bzr_entry_road, shop, nicolae_shop_stone,
          nicolae_shop_crystal, uniq_jory
Vaults:5
Depths:1: evilmike_diamond_2, layout_gridville, enter_ziggurat_a, hell_entry,
          hangedman_abyss_entry_splay, hangedman_decor_clover_reticule,
          evilmike_spriggan_trog_shrine
Depths:2: minmay_the_grid_ultimate [minmay_the_grid_prize_shrinking_boxes,
          minmay_the_grid_prize_inner_circle, minmay_the_grid_prize_trominoes,
          minmay_the_grid_prize_four_corners,
          minmay_the_grid_square_5x5_n_small, minmay_the_grid_square_5x5_slash,
          minmay_the_grid_square_5x5_checkered_sparse,
          minmay_the_grid_square_5x5_v, minmay_the_grid_square_5x5_tetrominoes,
          minmay_the_grid_square_5x5_lines,
          minmay_the_grid_square_5x5_bracketed, minmay_the_grid_square_5x5_meh,
          minmay_the_grid_square_5x5_broken_cross,
          minmay_the_grid_square_5x5_eight, minmay_the_grid_square_5x5_inner_z,
          minmay_the_grid_square_5x5_two_small,
          minmay_the_grid_square_5x5_fancy_junction,
          minmay_the_grid_square_5x5_mess, minmay_the_grid_square_5x5_minivault,
          minmay_the_grid_triangle_9x9_swiss_cheese,
          minmay_the_grid_triangle_9x9_flanged_cone,
          minmay_the_grid_triangle_9x9_steps,
          minmay_the_grid_triangle_9x9_thin_v,
          minmay_the_grid_triangle_9x9_zippers_vertical,
          minmay_the_grid_triangle_9x9_empty,
          minmay_the_grid_triangle_9x9_impossible_snake,
          minmay_the_grid_triangle_9x9_shrine,
          minmay_the_grid_triangle_9x9_dagger,
          minmay_the_grid_triangle_9x9_minimal,
          minmay_the_grid_triangle_9x9_corrupted_corridor,
          minmay_the_grid_triangle_9x9_negative_grid,
          minmay_the_grid_triangle_9x9_longest,
          minmay_the_grid_triangle_9x9_subtriangle,
          minmay_the_grid_triangle_9x9_empty,
          minmay_the_grid_triangle_9x9_wacky_v,
          minmay_the_grid_square_5x5_spiral, minmay_the_grid_octo_odd_swirl,
          minmay_the_grid_octo_tetromino_candy, minmay_the_grid_octo_clover,
          minmay_the_grid_octo_chip, minmay_the_grid_octo_horde,
          minmay_the_grid_octo_toaster, minmay_the_grid_octo_fan_narrow,
          minmay_the_grid_octo_thin_diamonds, minmay_the_grid_doors,
          minmay_the_grid_fan, minmay_the_grid_box_x,
          minmay_the_grid_small_cups], pan_entry, abyss_entry, hell_entry,
          uniq_nikola
Depths:3: minmay_connected_boxes_in_corner, layout_gridlike, grunt_metal_band,
          abyss_entry_small_statue_room, minmay_staircase_bubble, uniq_parghit
Arena

Skill      XL: |  1  2  3  4  5  6  7  8  9 10 11 12 13 14 15 16 17 18 19 20 21 22 23 24 |
---------------+-------------------------------------------------------------------------+-----
Axes           | 3 4 5 6 8 |  8.0
Armour         | 1 2 3 4 5 6 7 8 9 10 11 12 13 14 15 16 | 16.0
Throwing       | 2 3 |  3.4
Dodging        | 3 4 5 6 |  6.4
Fighting       | 3 5 6 7 8 9 10 11 13 14 15 16 17 18 | 18.4
Stealth        | 1 2 3 5 6 7 8 9 10 11 12 13 14 16 17 | 17.3
Invocations    | 2 4 6 7 9 10 12 13 14 15 17 19 21 22 23 24 | 24.5
Evocations     | 1 3 4 5 6 7 9 10 12 13 15 16 17 18 19 20 | 20.1
Short Blades   | 4 5 |  5.5
Maces & Flails | 2 5 8 10 12 13 15 | 15.2
Shields        | 2 3 4 5 7 8 10 11 12 13 | 13.8

Action                   |  1- 3 |  4- 6 |  7- 9 | 10-12 | 13-15 | 16-18 | 19-21 | 22-24 || total
-------------------------+-------+-------+-------+-------+-------+-------+-------+-------++-------
Melee: War axe           |   146 |   104 |   123 |       |       |       |       |       ||   373
       Tailslap          |    12 |    11 |    64 |   120 |   262 |   317 |   294 |   241 ||  1321
       Punch             |     1 |     1 |     9 |     8 |       |       |       |       ||    19
       Quick blade       |       |       |   222 |   122 |       |       |       |       ||   344
       Whip              |       |       |       |   480 |   286 |    19 |       |       ||   785
       Eveningstar       |       |       |       |       |   954 |  1367 |  1084 |   834 ||  4239
       Broad axe         |       |       |       |       |       |     5 |       |       ||     5
       Dagger            |       |       |       |       |       |     1 |       |     5 ||     6
Throw: Stone             |       |     3 |     3 |       |       |       |       |       ||     6
       Javelin           |       |     1 |     1 |       |       |       |       |       ||     2
       Boomerang         |       |       |       |    24 |    27 |     8 |     1 |     8 ||    68
       Throwing net      |       |       |       |     1 |       |       |       |       ||     1
       Dart              |       |       |       |       |     3 |       |       |       ||     3
Invok: Heroism           |       |       |     3 |     4 |     3 |     2 |     9 |     7 ||    28
       Finesse           |       |       |       |     1 |     5 |     6 |     7 |     6 ||    25
       Duel              |       |       |       |       |       |       |       |     1 ||     1
Evoke: Wand              |       |       |       |     3 |     1 |       |       |       ||     4
       Lightning rod     |       |       |       |     2 |       |       |       |       ||     2
       Tin of tremorston |       |       |       |       |       |     2 |     2 |     1 ||     5
       Condenser vane    |       |       |       |       |       |       |     1 |     1 ||     2
  Use: Scroll            |     4 |       |    16 |    11 |     3 |    10 |     2 |     5 ||    51
       Potion            |       |     1 |     8 |     3 |       |     3 |     4 |     1 ||    20
 Stab: Sleeping          |       |       |     2 |     2 |     7 |    12 |    20 |    36 ||    79
       Distracted        |       |       |       |       |     2 |       |     4 |     7 ||    13
       Petrified         |       |       |       |       |     1 |       |       |       ||     1
Armor: Leather armour    |    24 |       |       |       |       |       |       |       ||    24
       Plate armour      |    63 |    70 |   120 |       |   666 |  1054 |   817 |   360 ||  3150
       Ring mail         |       |       |    32 |    51 |       |       |       |       ||    83
       Crystal plate arm |       |       |       |   280 |   123 |       |       |       ||   403
       Scale mail        |       |       |       |    44 |       |       |       |       ||    44
Dodge: Dodged            |    65 |    34 |    97 |   206 |   679 |   739 |   605 |   275 ||  2700
Block: Buckler           |       |       |       |    39 |   537 |   712 |   615 |   305 ||  2208

Table legend: (Time is in decaauts)
 A = Elapsed time spent in this place.
 B = Non-inter-level travel time spent in this place.
 C = Inter-level travel time spent in this place.
 D = Time resting spent in this place.
 E = Time spent auto-exploring this place.
 F = Levels seen in this place.
 G = Mean time per level.
                   A        B        C        D        E       F      G
               +--------+--------+--------+--------+--------+-----+--------+
         Total |  59829 |  53429 |   6400 |   5943 |  23532 |  46 | 1300.6 |
       Dungeon |  22992 |  19755 |   3237 |   2931 |   9986 |  15 | 1532.8 |
        Temple |    191 |    191 |      0 |      0 |    161 |   1 |  191.0 |
          Lair |   6691 |   5663 |   1028 |    368 |   2847 |   5 | 1338.2 |
         Swamp |   2595 |   2354 |    241 |    181 |   1017 |   4 |  648.8 |
     Snake Pit |   4239 |   3886 |    353 |    226 |   1512 |   4 | 1059.8 |
  Orcish Mines |   2008 |   1901 |    107 |     93 |    692 |   2 | 1004.0 |
   Elven Halls |   5004 |   4609 |    395 |    374 |   2105 |   3 | 1668.0 |
        Vaults |   9809 |   8987 |    822 |   1321 |   3265 |   5 | 1961.8 |
        Depths |   4460 |   4246 |    214 |    214 |   1895 |   3 | 1486.7 |
        Bazaar |    226 |    226 |      0 |      0 |      0 |   1 |  226.0 |
         Sewer |    901 |    901 |      0 |      0 |      0 |   1 |  901.0 |
        Bailey |    707 |    707 |      0 |    234 |     51 |   1 |  707.0 |
         Arena |      0 |      0 |      0 |      0 |      0 |   1 |    0.0 |
               +--------+--------+--------+--------+--------+-----+--------+

Top non-repeatable levels by time:
Vaults:4: 3704 daAuts
Depths:2: 2631 daAuts
   Elf:3: 2508 daAuts
    D:12: 2470 daAuts
    D:13: 2139 daAuts
    D:10: 1986 daAuts
    D:11: 1873 daAuts
     D:9: 1844 daAuts
  Lair:1: 1821 daAuts
Vaults:5: 1748 daAuts
Vaults:2: 1681 daAuts
     D:8: 1591 daAuts
Depths:1: 1577 daAuts
     D:3: 1509 daAuts
  Lair:2: 1505 daAuts
